 Dungeon Crawl Stone Soup version 0.24-a0-201-gf205589 (webtiles) character file.

Game seed: 1381821736552795035

160 Borgoz the Cutter (level 5, -4/44 HPs)
             Began as a Ghoul Gladiator on Mar 23, 2019.
             Slain by a crocodile (16 damage)
             ... on level 4 of the Dungeon.
             The game lasted 00:03:01 (2680 turns).

Borgoz the Cutter (Ghoul Gladiator)                 Turns: 2680, Time: 00:03:01

Health: -4/44      AC:  6    Str: 18    XL:     5   Next: 41%
Magic:  4/4        EV: 18    Int:  3    God:
Gold:   197        SH:  0    Dex: 16    Spells: 4/4 levels left

rFire    . . .     SeeInvis .   a - +0 rapier
rCold    + . .     Gourm    .   (no shield)
rNeg     + + +     Faith    .   e - +0 ring mail
rPois    ∞         Spirit   .   c - +0 helmet
rElec    .         Reflect  .   (no cloak)
rCorr    .         Harm     .   (no gloves)
MR       .....                  (no boots)
Stlth    +.........             (no amulet)
HPRegen  0.00/turn              i - ring of attention (curse)
MPRegen  0.09/turn              (no ring)

@: agile, rotting, hasted, very quick
A: rotting body, claws 1, carnivore, cold resistance 1, negative energy
resistance 3, inhibited regeneration, torment resistance, unbreathing
a: no special abilities


You were on level 4 of the Dungeon.
You were not hungry.

You visited 1 branch of the dungeon, and saw 4 of its levels.

You collected 197 gold pieces.

Inventory:

Hand Weapons
 a - a +0 rapier (weapon)
 j - a +2 dagger of draining
Missiles
 d - 3 throwing nets (quivered)
Armour
 c - a +0 helmet (worn)
 e - a +0 ring mail (worn)
Jewellery
 i - a cursed ring of attention (left claw)
 u - an uncursed ring of fire
Scrolls
 b - 2 scrolls of enchant armour {unknown}
 g - a scroll of fog {unknown}
 k - 2 scrolls of amnesia {unknown}
 l - a scroll of remove curse {unknown}
 p - 3 scrolls of identify {unknown}
 q - a scroll of blinking {unknown}
 r - a scroll of enchant weapon {unknown}
 t - a scroll of teleportation {unknown}
Potions
 m - a potion of curing {unknown}
 n - a potion of lignification {unknown}
 o - a potion of mutation {unknown}
Comestibles
 f - 11 rations


   Skills:
 + Level 2.8 Fighting
 * Level 3.6 Short Blades
 - Level 1.7 Throwing
 * Level 2.0 Armour
 * Level 3.5 Dodging
 + Level 1.5 Stealth


You had 4 spell levels left.
You didn't know any spells.
Your spell library was empty.

Dungeon Overview and Level Annotations

Branches:
Dungeon (4/15)
 Temple: D:4-7

Altars:
Okawaru


Innate Abilities, Weirdness & Mutations

Your body is rotting away.
You thrive on raw meat.
You are immune to poison.
You have sharp fingernails.
You are carnivorous and can eat meat at any time.
Your flesh is cold resistant. (rC+)
You are immune to negative energy. (rN+++)
You do not regenerate when monsters are visible.
You are immune to unholy pain and torment.
You can survive without breathing.


Message History

There is a stone staircase leading up here.
Found an iron altar of Okawaru.
l - a scroll labeled QAT VOIRCHI You now have 197 gold pieces (gained 13).
A crocodile comes into view.
The crocodile barely misses you.
A crocodile is nearby!
You hit the crocodile.
The crocodile is moderately wounded.
The crocodile bites you!
You closely miss the crocodile.
The crocodile is moderately wounded.
The crocodile bites you!
* * * LOW HITPOINT WARNING * * *
It was a potion of agility.
You feel agile all of a sudden. The crocodile misses you.
There are no items here.
It was a potion of haste.
You feel yourself speed up. The crocodile bites you!
You die...

#.....#.####.#
#....##.# #<#
#.......# #.#
####.#### #.#
##.# #..
#####..# ###
#......######
#.####......#
#@....$#
#.t......#
....#......#
#.....$.....#
..#.# ########
. #. # .# .#


You could see a crocodile.

Vanquished Creatures
  2 jellies
  A centaur skeleton (D:4)
  2 adders
  A worm (D:3)
  2 dart slugs
  2 leopard geckos
  3 orcs (D:3)
  2 giant cockroaches
  5 hobgoblins
  2 jackals (D:3)
  A ball python (D:3)
  7 bats
  5 frilled lizards (D:1)
  4 goblins
  5 kobolds
  5 rats
49 creatures vanquished.

Notes
Turn   | Place    | Note
-------+----------+-------------------------------------------
     0 | D:1      | Borgoz the Ghoul Gladiator began the quest for the Orb.
     0 | D:1      | Reached XP level 1. HP: 17/17 MP: 0/0
   422 | D:1      | Reached XP level 2. HP: 24/24 MP: 1/1
  1107 | D:2      | Reached XP level 3. HP: 29/30 MP: 2/2
  1209 | D:2      | Reached skill level 1 in Armour
  1699 | D:3      | Reached XP level 4. HP: 34/37 MP: 3/3
  1783 | D:3      | Reached skill level 1 in Stealth
  2207 | D:4      | Reached XP level 5. HP: 20/42 MP: 4/4
  2424 | D:4      | Noticed an ogre
  2659 | D:4      | Found an iron altar of Okawaru.
  2676 | D:4      | Noticed a crocodile
  2680 | D:4      | Slain by a crocodile

Levels and vault maps discovered:
D:1:      dpeg_arrival_circle_labyrinth_c, layout_basic, minmay_misc_feat_iff,
          minmay_misc_feat_nine_boxes
D:2:      layout_rooms, roderic_roman_lattice
D:3:      layout_rooms, grunt_decor_resistance, corner_web_ring
D:4:      layout_loops_cross, nicolae_overflow_crystal_walls

Skill      XL: |  1  2  3  4  5 |
---------------+----------------+-----
Short Blades   | 3 |  3.6
Dodging        | 3 |  3.5
Armour         | 1 2 |  2.0
Stealth        | 1 |  1.5
Fighting       | |  2.8
Throwing       | |  1.7

Action                   |  1- 3 |  4- 6 || total
-------------------------+-------+-------++-------
Melee: Rapier            |   138 |    65 ||   203
  Use: Potion            |       |     2 ||     2
  Eat: Chunk             |     4 |    13 ||    17
Armor: Ring mail         |    53 |    22 ||    75
Dodge: Dodged            |    97 |    45 ||   142

Table legend:
 A = Non-vault XP
 B = Vault XP
 C = Vault XP percentage of total XP
 D = Non-vault monster count
 E = Vault monster count
 F = Vault count percentage of total count
                 A         B        C        D         E       F
            +---------+---------+-------+---------+---------+-------
      Total |     229 |       0 |   0.0 |      49 |       0 |   0.0
            +---------+---------+-------+---------+---------+-------
        D:1 |      26 |       0 |   0.0 |      19 |       0 |   0.0
        D:2 |      31 |       0 |   0.0 |      11 |       0 |   0.0
        D:3 |      92 |       0 |   0.0 |      17 |       0 |   0.0
        D:4 |      80 |       0 |   0.0 |       2 |       0 |   0.0
            +---------+---------+-------+---------+---------+-------
